AoeStats
← janos.zachow

Arabia

509701969Analyzed
3v3 RM · 5d ago on Sep 27, 2026· 54m 18s· 6 players
Game mode
Random Map
Map size
Normal (6 player)
Population
200
Speed
Normal
Resources
Standard
Victory
Conquest
Starting age
Dark Age
Ending age
Imperial Age
RankedLock teamsTeams togetherTeam positionsShared explorationLock speedFull tech treeHidden civsTurbo modeCheats
Victory
Defeat
🇩🇪 Ethiopians · Germany
1047
+16
🇩🇪 Franks · Germany
1030
+17
🇩🇪 Goths · Germany
1003
+18
🇩🇪 Danes · Germany
1113
-19
🇩🇪 Saracens · Germany
1092
-19
🇩🇪 Franks · Germany
953
-13
[Süddelz] Zagorakis7
9:25 Loom
11:10 Feudal Age
15:08 Fletching
16:38 Padded Archer Armor
21:20 Castle Age
19:30 Horse Collar
21:36 Crossbowman
24:10 Bodkin Arrow
28:45 Leather Archer Armor
29:45 Thumb Ring
31:09 Ballistics
34:51 Double-Bit Axe
39:55 Bow Saw
40:45 Wheelbarrow
44:42 Imperial Age
44:51 Arbalester
49:45 Bracer
50:16 Ring Archer Armor
51:41 Chemistry
53:11 Light Cavalry
54:25 Forging
54:21 Scale Barding Armor
[Süddelz] Pablo
10:42 Feudal Age
18:40 Castle Age
17:23 Double-Bit Axe
22:03 Husbandry
22:12 Scale Barding Armor
28:12 Bow Saw
29:23 Wheelbarrow
30:36 Hand Cart
31:40 Gold Mining
36:42 Imperial Age
37:22 Chain Barding Armor
37:02 Scale Mail Armor
37:13 Forging
37:05 Cavalier
39:15 Paladin
43:16 Plate Barding Armor
42:56 Chain Mail Armor
43:17 Iron Casting
47:28 Gold Shaft Mining
54:53 Plate Mail Armor
55:24 Blast Furnace
[Süddelz] Paga
0:47 Loom
12:47 Feudal Age
16:44 Castle Age
32:21 Scale Mail Armor
32:36 Forging
33:37 Chain Mail Armor
35:53 Iron Casting
37:26 Double-Bit Axe
40:31 Anarchy
44:56 Imperial Age
45:16 Iron Casting
45:16 Bow Saw
45:17 Gold Mining
45:58 Squires
45:21 Elite Huskarl
46:22 Conscription
45:32 Pikeman
48:35 Perfusion
50:02 Blast Furnace
51:46 Halberdier
54:11 Wheelbarrow
janos.zachow
7:32 Loom
9:29 Feudal Age
11:36 Loom
16:27 Wheelbarrow
20:23 Castle Age
18:16 Fletching
19:36 Padded Archer Armor
20:27 Crossbowman
24:18 Double-Bit Axe
24:16 Horse Collar
25:28 Thumb Ring
26:49 Bow Saw
27:26 Bodkin Arrow
27:36 Gold Mining
28:24 Ballistics
29:10 Hand Cart
28:42 Town Watch
29:29 Leather Archer Armor
32:20 Heavy Plow
33:40 Gold Shaft Mining
38:45 Imperial Age
38:52 Arbalester
39:30 Heavy Camel Rider
40:11 Husbandry
41:43 Bloodlines
41:48 Scale Barding Armor
42:03 Forging
44:33 Bimaristan
45:38 Iron Casting
49:56 Chain Barding Armor
50:30 Bracer
Delirio
6:35 Loom
9:09 Feudal Age
9:35 Double-Bit Axe
9:16 Man-at-Arms
22:45 Castle Age
21:40 Fletching
22:10 Padded Archer Armor
22:42 Scale Mail Armor
22:25 Horse Collar
23:37 Squires
23:01 Elite Skirmisher
25:42 Wheelbarrow
26:50 Bow Saw
27:19 Gambesons
28:08 Arson
28:55 Bodkin Arrow
30:59 Hand Cart
32:06 Leather Archer Armor
32:03 Forging
38:35 Hamask
40:14 Thumb Ring
40:26 Chain Mail Armor
40:47 Iron Casting
45:13 Imperial Age
45:56 Bracer
46:41 Conscription
47:44 Elite Jomsviking
50:44 Plate Mail Armor
51:14 Blast Furnace
50:58 Heavy Plow
50:49 Gold Mining
Albus Pendragon
11:37 Feudal Age
24:15 Castle Age
26:08 Gold Mining
26:06 Double-Bit Axe
30:02 Gold Shaft Mining
29:41 Bow Saw
32:20 Pikeman
33:02 Squires
39:43 Husbandry
41:59 Forging
41:55 Scale Barding Armor
49:16 Imperial Age
47:30 Iron Casting
47:16 Chain Barding Armor
50:09 Cavalier
51:16 Conscription
50:59 Chivalry
55:37 Blast Furnace
Connection lost

Rejoining the realm…

Still unreachable

The connection could not be restored.

Session expired

The server has moved on; the page needs a fresh start.